 Dungeon Crawl Stone Soup version 0.18.1-8-gdd0e5ea (webtiles) character file.

312 mindo the Chiller (level 6, -1/36 HPs)
             Began as a High Elf Ice Elementalist on May 20, 2016.
             Was a Follower of Zin.
             Slain by a wight
             ... wielding a cursed +0 short sword
              (8 damage)
             ... on level 5 of the Dungeon on May 24, 2016.
             The game lasted 00:29:39 (3374 turns).

mindo the Chiller (High Elf Ice Elementalist)       Turns: 3374, Time: 00:29:40

Health: -1/36      AC: 10    Str:  7    XL:     6   Next: 18%
Magic:  9/14       EV: 12    Int: 20    God:    Zin [*.....]
Gold:   59         SH:  0    Dex: 17    Spells: 2 memorised, 10 levels left

rFire  + . .     SeeInvis .     x - +0 long sword
rCold  . . .     Gourm    .     i - +0 leather armour
rNeg   . . .     Faith    .     (no shield)
rPois  .         Spirit   .     (no helmet)
rElec  .         Dismiss  .     w - +0 cloak
rCorr  +         Reflect  .     (no gloves)
SustAt .         Harm     .     (no boots)
MR     .....                    (no amulet)
Stlth  ++........               n - ring of resist corrosion
                                d - ring of protection from fire

@: exhausted, icy armour, about to teleport, drained, slow, not resistant to
hostile enchantments, unstealthy
A: no striking features
a: Recite, Donate Gold, Renounce Religion


You were on level 5 of the Dungeon.
You worshipped Zin.
Zin was aware of your devotion.
You were not hungry.

You visited 1 branch of the dungeon, and saw 4 of its levels.

You collected 110 gold pieces.
You donated 51 gold pieces to Zin.

Inventory:

Hand Weapons
 f - a +0 dagger
 j - a cursed +3 mace
 q - a +0 war axe
 r - a +0 flail
 x - a +0 long sword (weapon)
Armour
 a - a +0 robe
 i - a +0 leather armour (worn)
 s - a +0 plate armour
 w - a +0 cloak (worn)
Jewellery
 d - a ring of protection from fire (left hand)
 n - a ring of resist corrosion (right hand)
Potions
 e - a potion of degeneration {unknown}
 l - 2 potions of might {unknown}
 o - a potion of agility {unknown}
 p - a potion of heal wounds {unknown}
Books
 b - a book of Frost

   Spells                             Type                      Level
   a - Freeze                         Ice                          1
   b - Throw Frost                    Conjuration/Ice              2
   c - Ozocubu's Armour               Charms/Ice                   3
   d - Throw Icicle                   Conjuration/Ice              4
   e - Summon Ice Beast               Ice/Summoning                4
Comestibles
 c - a bread ration
 h - 5 fruits
 k - 2 meat rations
 t - a slice of pizza


   Skills:
 + Level 0.2(0.0) Fighting
 + Level 0.1(0.0) Maces & Flails
 + Level 1.7(1.1) Armour
 + Level 3.0(2.4) Dodging
 + Level 2.3(1.7) Stealth
 + Level 4.8(4.1) Spellcasting
   Level 1.1(0.5) Conjurations
 + Level 0.2(0.0) Charms
 + Level 4.8(4.1) Ice Magic


You had 10 spell levels left.
You knew the following spells:

 Your Spells              Type           Power        Failure   Level  Hunger
a - Freeze                Ice            ###.         3%          1    None
b - Ozocubu's Armour      Chrm/Ice       ##......     24%         3    ###....


Dungeon Overview and Level Annotations

Branches:
Dungeon (3/15)

Altars:
Dithmenos
Ru
Zin


Message History

Your icy armour starts to melt.
You start resting.
Your magical contamination has completely faded away.
You start resting.
Your icy armour evaporates.
You start resting.
A wight is nearby!
You feel yourself speed up.
Things that are here:
an enchanted mace; a robe
j - an enchanted mace Identify which item? (\ to view known items) (? for menu, Esc to quit)
As you read the scroll of identify, it crumbles to dust.
j - a cursed +3 mace
As you read the scroll of teleportation, it crumbles to dust.
You feel strangely unstable. The wight barely misses you.
Casting: Freeze
Confirm with . or Enter, or press ? or * to list all spells.
A film of ice covers your body! The wight hits you with a short sword!
You die...

### ..# #########.#
........#.#
##.#.##.#.###
....†...#...#
##.#.#....# ########
.....##.#.# #.@....#
#######.#.# #.z....# .
#.#.# #......# ##
#.#.# ###......# #
#.#.# #.....!..#
####+##.#.# #........#
........#.#.#........#
........#.#.#$.......#
....(...#.#.#...######


You could see a wight.

Vanquished Creatures
  A wight (D:5)
  A hound (D:5)
  A giant frog skeleton (D:5)
  A worker ant (D:5)
  4 gnolls (D:2)
  7 adders
  An adder zombie (D:3)
  2 worms (D:2)
  3 dart slugs (D:1)
  4 giant geckos
  5 orcs (D:3)
  A ball python (D:3)
  2 giant cockroaches
  5 goblins
  8 hobgoblins
  3 kobolds
  A quokka (D:2)
  12 bats
  5 giant newts
  5 rats
72 creatures vanquished.

Notes
Turn   | Place    | Note
--------------------------------------------------------------
     0 | D:1      | mindo the High Elf Ice Elementalist began the quest for the Orb.
     0 | D:1      | Reached XP level 1. HP: 11/11 MP: 4/4
   247 | D:1      | Reached XP level 2. HP: 17/17 MP: 4/6
  1121 | D:2      | Reached XP level 3. HP: 13/21 MP: 4/8
  1331 | D:2      | Found a sacrificial altar of Ru.
  1375 | D:2      | Reached skill level 1 in Armour
  1397 | D:2      | Reached XP level 4. HP: 16/27 MP: 1/10
  1823 | D:2      | Reached XP level 5. HP: 23/31 MP: 7/12
  1846 | D:2      | Learned a level 3 spell: Ozocubu's Armour
  2483 | D:3      | Found a glowing silver altar of Zin.
  2493 | D:3      | Became a worshipper of Zin the Law-Giver
  2496 | D:3      | Donated 40 gold pieces to Zin
  2619 | D:3      | Reached * piety under Zin
  2785 | D:3      | Upgraded the game from 0.18.1-6-gd335043 to 0.18.1-8-gdd0e5ea
  2840 | D:3      | You fall through a shaft for 2 floors!
  2840 | D:5      | Entered Level 5 of the Dungeon
  3026 | D:5      | Found a shadowy altar of Dithmenos.
  3202 | D:5      | Reached XP level 6. HP: 31/36 MP: 8/14
  3340 | D:5      | HP: 2/54 [wight/enchanted mace (8)]
  3374 | D:5      | Slain by a wight

Skill      XL: |  1  2  3  4  5 |
---------------+----------------+-----
Spellcasting   | 3 4 |  4.8
Armour         | 1 |  1.7
Ice Magic      | 4 |  4.8
Dodging        | 3 |  3.0
Fighting       | |  0.2
Maces & Flails | |  0.1
Stealth        | |  2.3
Conjurations   | |  1.1
Charms         | |  0.2

Action                   |  1- 3 |  4- 6 || total
-------------------------+-------+-------++-------
Melee: Unarmed           |     3 |       ||     3
       Dagger            |    30 |       ||    30
       Flail             |       |    28 ||    28
       Long sword        |       |    11 ||    11
 Cast: Freeze            |    55 |    86 ||   141
       Ozocubu's Armour  |       |     4 ||     4
Invok: Donate Gold       |       |     1 ||     1
  Use: Potion            |     1 |     3 ||     4
       Scroll            |       |     8 ||     8
  Eat: Fruit             |     1 |       ||     1
       Meat ration       |       |     1 ||     1
       Bread ration      |       |     1 ||     1
Armor: Leather armour    |    22 |    26 ||    48
       Robe              |     1 |       ||     1
Dodge: Dodged            |    51 |    73 ||   124
